 Dungeon Crawl Stone Soup version 0.28.0-53-g5a82cb258f (webtiles) character file.

Game seed: 6195040618122590542

70 safid the Skirmisher (level 4, -1/40 HPs)
             Began as a Hill Orc Fighter on June 13, 2022.
             Succumbed to a kobold's poison
             ... on level 2 of the Dungeon.
             The game lasted 00:02:10 (1340 turns).

safid the Skirmisher (Hill Orc Fighter)             Turns: 1340, Time: 00:02:10

Health: -1/40      AC:  7    Str: 20    XL:     4   Next: 22%
Magic:  4/4        EV:  9    Int:  8    God:
Gold:   35         SH:  4    Dex: 10    Spells: 3/3 levels left

rFire   . . .      SeeInvis .   a - +0 war axe
rCold   . . .      Faith    .   c - +0 buckler
rNeg    . . .      Spirit   .   b - +0 scale mail
rPois   .          Reflect  .   (no helmet)
rElec   .          Harm     .   (no cloak)
rCorr   .          Rampage  .   (no gloves)
Will    .....                   (no boots)
Stlth   ..........              (no amulet)
HPRegen 0.13/turn               (no ring)
MPRegen 0.09/turn               (no ring)

@: lethally poisoned (-1 -> -16)
A: no striking features
a: no special abilities


You were on level 2 of the Dungeon.
You visited 1 branch of the dungeon, and saw 2 of its levels.

You collected 35 gold pieces.

Inventory:

Hand Weapons
 a - a +0 war axe (weapon)
Missiles
 g - a throwing net (quivered)
Armour
 b - a +0 scale mail (worn)
 c - a +0 buckler (worn)
Scrolls
 e - a scroll of vulnerability {unknown}
 f - 2 scrolls of teleportation {unknown}
Potions
 d - 2 potions of might


   Skills:
 - Level 4.0 Fighting
 + Level 4.0 Axes
 - Level 4.0 Armour
 - Level 4.0 Shields


You had 3 spell levels left.
You didn't know any spells.
Your spell library was empty.

Dungeon Overview and Level Annotations

Branches:
Dungeon (2/15)

Altars:
Xom

Shops:
D:1 ?


Message History

You are more poisoned.
The kobold closely misses you.
You hit the kobold.
The kobold is moderately wounded.
You feel very sick.
The kobold hits you with a +1 dagger of venom.
You are lethally poisoned!
You are too injured to fight recklessly!
You are too injured to fight recklessly!
You are too injured to fight recklessly!
You are too injured to fight recklessly!
You are too injured to fight recklessly!
You are too injured to fight recklessly!
You are too injured to fight recklessly!
You are too injured to fight recklessly!
You are too injured to fight recklessly!
You are too injured to fight recklessly!
You are too injured to fight recklessly!
You are too injured to fight recklessly!
You are too injured to fight recklessly!
You are too injured to fight recklessly!
You are too injured to fight recklessly!
You are too injured to fight recklessly!
Unknown command.
You hit the kobold but do no damage.
The kobold is moderately wounded.
You feel very sick.
The kobold hits you with a +1 dagger of venom.
* * * LOW HITPOINT WARNING * * *
You are more poisoned.
You hit the kobold.
You kill the kobold!
* * * LOW HITPOINT WARNING * * *
You feel very sick.
Okay, then.
There is a lethal amount of poison in your body!
* * * LOW HITPOINT WARNING * * *
You feel very sick.
You see here a +1 dagger of venom.
You die...

#
###.##########.
# #.....# .#
####.###.# ...
.# .....# .#
#.# .#
####.###.# #.#
#.## # #......
####.###...#
####....#.
#.....#....#
..........
#.#.....#..#
##.###.#.##
#..@.#†....#
#.# ...#
#.#.)...#.#
#.###.###
#....##...#
#..†..#
#.##.####.#
#....##
#.........#
#....#
#########.#
#....######
#).....#
#.#.#..⌠.⌠#
#.####.#
##.#.......#
#.# #..#


There were no monsters in sight!

Vanquished Creatures
  Terence (D:2)
  2 dart slugs (D:1)
  An orc (D:2)
  4 bats
  5 endoplasms
  2 goblins (D:2)
  A hobgoblin (D:1)
  A quokka (D:2)
  10 ball pythons
  4 frilled lizards
  7 kobolds
  5 rats
43 creatures vanquished.

Notes
Turn   | Place    | Note
-------+----------+-------------------------------------------
     0 | D:1      | safid the Hill Orc Fighter began the quest for the Orb.
     0 | D:1      | Reached XP level 1. HP: 19/19 MP: 1/1
     0 | D:1      | Noticed a shadow dragon
     0 | D:1      | Noticed a red draconian
     1 | D:1      | Noticed a tentacled monstrosity
     3 | D:1      | Noticed an iron dragon
     5 | D:1      | Noticed a large abomination
     6 | D:1      | Noticed an ice dragon
     8 | D:1      | Noticed a yellow draconian
     9 | D:1      | Noticed a tentacled monstrosity
    11 | D:1      | Noticed an iron dragon
    15 | D:1      | Noticed a large abomination
    17 | D:1      | Noticed an orb of fire
    21 | D:1      | Noticed a shadow dragon
    79 | D:1      | Reached XP level 2. HP: 18/27 MP: 2/2
   568 | D:1      | Reached XP level 3. HP: 33/33 MP: 3/3
   620 | D:1      | Found Xiraulish's Magic Scroll Shop.
   757 | D:2      | Found a faded altar of an unknown god.
   845 | D:2      | Noticed Terence
   856 | D:2      | Killed Terence
   857 | D:2      | Reached XP level 4. HP: 31/40 MP: 4/4
   950 | D:2      | Found a shimmering altar of Xom.
  1340 | D:2      | Succumbed to a kobold's poison

Illustrated notes

Levels and vault maps discovered:
D:1:      shiori_arrival_whats_in_store_for_you, layout_rooms, serial_shops,
          shop
D:2:      layout_loops_ring, basic_altar, hellmonk_ecumenical_altar_run_dry,
          chequers_serial_rivers_micro_a, minmay_misc_feat_five, uniq_terence

Skill      XL: |  1  2  3  4 |
---------------+-------------+-----
Axes           | 3 4 |  4.0
Fighting       | 4 |  4.0
Armour         | 4 |  4.0
Shields        | 4 |  4.0

Action                   |  1- 3 |  4- 6 || total
-------------------------+-------+-------++-------
Melee: War axe           |    76 |    20 ||    96
Armor: Scale mail        |    33 |     5 ||    38
Dodge: Dodged            |    41 |     7 ||    48
Block: Buckler           |    20 |     6 ||    26
